 Dungeon Crawl Stone Soup version 0.18-a0-1229-ge9a1a01 (webtiles) character file.

691 Duffy the Skirmisher (level 7, -3/47 HPs)
             Began as a Gargoyle Fighter on Feb 4, 2016.
             Slain by a scorpion (6 damage)
             ... on level 5 of the Dungeon.
             The game lasted 00:02:59 (4188 turns).

Duffy the Skirmisher (Gargoyle Fighter)             Turns: 4188, Time: 00:02:59

Health: -3/47      AC:  3    Str: 21    XL:     7   Next: 63%
Magic:  7/7        EV:  7    Int:  9    God:
Gold:   278        SH:  9    Dex:  9    Spells: 0 memorised, 6 levels left

rFire  . . .     SeeInvis .     a - +0 flail
rCold  . . .     Gourm    .     b - +0 scale mail
rNeg   + . .     Faith    .     c - +0 shield
rPois  ∞         Spirit   .     (no helmet)
rElec  +         Dismiss  .     (no cloak)
rCorr  .         Reflect  .     (no gloves)
SustAt .         Harm     .     (no boots)
MR     .....                    (no amulet)
Stlth  ..........               (no ring)
                                (no ring)

@: corroded equipment, starving, not resistant to hostile enchantments,
extremely unstealthy
A: negative energy resistance 1, electricity resistance, unbreathing,
petrification resistance, rot immunity, AC +4
a: no special abilities


You were on level 5 of the Dungeon.
You were starving.

You visited 1 branch of the dungeon, and saw 4 of its levels.

You collected 278 gold pieces.


Innate Abilities, Weirdness & Mutations

You are resistant to torment.
Your stone body is resilient (AC +4).
You are immune to poison.
You resist negative energy.
You are resistant to electric shocks.
You can survive without breathing.
You are immune to petrification.
You are immune to rotting.


   Skills:
 + Level 6.8 Fighting
 + Level 6.3 Maces & Flails
 - Level 3.2 Armour
 - Level 3.2 Shields


You had 6 spell levels left.
You didn't know any spells.

Inventory:

Hand Weapons
 a - a +0 flail (weapon)
Missiles
 p - 11 poisoned needles
Armour
 b - a +0 scale mail (worn)
 c - a +0 shield (worn)
Jewellery
 t - a +2 ring of dexterity {unknown}
Scrolls
 e - a scroll of random uselessness {unknown}
 g - a scroll of noise {unknown}
 i - a scroll of identify {unknown}
 j - a scroll of fear {unknown}
 k - 3 scrolls of remove curse {unknown}
 n - a scroll of enchant weapon {unknown}
 q - 2 scrolls of teleportation {unknown}
 s - a scroll of fog {unknown}
 v - 2 scrolls of amnesia {unknown}
Potions
 d - 2 potions of might
 m - 2 potions of curing {unknown}
 o - a potion of invisibility {unknown}
 u - a potion of ambrosia {unknown}
Comestibles
 f - a bread ration
 h - a beef jerky
 l - a royal jelly
 r - a meat ration

Dungeon Overview and Level Annotations

Branches:
Dungeon (5/15)
 Temple: D:4-7

Altars:
Gozag
Pakellas
Zin

Shops:
D:4 (   D:5 }


Message History

You thump the scorpion!
The scorpion is moderately wounded.
You block the scorpion's attack.
You hit the scorpion but do no damage.
The scorpion is moderately wounded.
You block the scorpion's attack.
You are starving!
You closely miss the scorpion.
The scorpion is moderately wounded.
You block the scorpion's attack. The scorpion barely misses you.
You barely miss the scorpion.
The scorpion is moderately wounded.
The scorpion barely misses you.
You hit the scorpion but do no damage.
The scorpion is moderately wounded.
You block the scorpion's attack.
You closely miss the scorpion.
The scorpion is moderately wounded.
The scorpion stings you.
You barely miss the scorpion.
The scorpion is moderately wounded.
The scorpion stings you.
You closely miss the scorpion.
The scorpion is moderately wounded.
The scorpion stings you.
You hit the scorpion but do no damage.
The scorpion is moderately wounded.
The scorpion stings you but does no damage.
You barely miss the scorpion.
The scorpion is moderately wounded.
The scorpion barely misses you.
You hit the scorpion but do no damage.
The scorpion is moderately wounded.
The scorpion stings you.
You die...

#.# #+#s.. #.# .....
########'# #....
#......... #....
#......... ####...
#......... .......
######.........
.......#####..............
.......'s@................
.......#####.......#######
....... #.......# ....>..
#.......# .......
#.......# #######
#.......# #.......#
#.......# #.......#


You could see a scorpion.

Action                   |  1- 3 |  4- 6 |  7- 9 || total
-------------------------+-------+-------+-------++-------
Melee: Flail             |   176 |   109 |    86 ||   371
  Eat: Chunk             |     4 |     5 |       ||     9

Notes
Turn   | Place    | Note
--------------------------------------------------------------
     0 | D:1      | Duffy the Gargoyle Fighter began the quest for the Orb.
     0 | D:1      | Reached XP level 1. HP: 14/14 MP: 1/1
   368 | D:1      | Reached XP level 2. HP: 13/19 MP: 2/2
   809 | D:1      | Reached skill level 3 in Maces & Flails
  1322 | D:1      | Reached XP level 3. HP: 21/23 MP: 3/3
  1989 | D:2      | Found an oddly glowing altar of Pakellas.
  2143 | D:2      | Found an oddly glowing altar of Pakellas.
  2143 | D:2      | Noticed an orange crystal statue
  2232 | D:2      | Reached XP level 4. HP: 29/29 MP: 4/4
  2255 | D:2      | Found a glowing silver altar of Zin.
  2368 | D:2      | Reached skill level 4 in Fighting
  2610 | D:2      | You fall through a shaft for 2 floors!
  2622 | D:4      | Noticed an ogre
  2631 | D:4      | Killed an ogre
  2631 | D:4      | Reached skill level 4 in Maces & Flails
  2631 | D:4      | Reached XP level 5. HP: 21/34 MP: 5/5
  2933 | D:4      | Found an opulent altar of Gozag.
  3245 | D:4      | Found Bytodd's Antique Weapon Emporium.
  3260 | D:4      | Reached skill level 5 in Fighting
  3274 | D:4      | Reached XP level 6. HP: 26/40 MP: 6/6
  3552 | D:4      | Noticed Voda's ghost (amateur OpEE)
  3569 | D:4      | Killed Voda's ghost
  3569 | D:4      | Reached skill level 5 in Maces & Flails
  3569 | D:4      | Reached XP level 7. HP: 43/45 MP: 7/7
  3578 | D:4      | Reached skill level 6 in Fighting
  3786 | D:5      | Entered Level 5 of the Dungeon
  3787 | D:5      | Found Viel's Gadget Boutique.
  4109 | D:5      | Reached skill level 6 in Maces & Flails
  4188 | D:5      | Slain by a scorpion

Vault maps used:
D:1:      matt_arrival_grand_opening, serial_co_window_serial,
          co_window_corner_a, co_window_of_opportunity_a,
          co_window_of_opportunity_a, co_window_corner_a, co_window_paths_a,
          co_window_paths_c, co_window_corner_ca, co_window_of_opportunity_c,
          co_window_corner_b, co_window_corner_cb, co_window_2corner,
          st_stairs_5
D:2:      nicolae_overflow_hidden_temple, lemuel_coloured_pillars_altar,
          gammafunk_pakellas_statue_experiment
D:4:      nicolae_gozag_seed_capital, serial_shops, shop_coins,
          amalloy_card_club
D:5:      first_bread, serial_shops, shop, uniq_pikel

Vanquished Creatures
  The ghost of Voda the Digger, an amateur OpEE of Ru
  A black bear
  An ogre
  A scorpion
  3 jellies
  2 hounds
  An orc priest
  An iguana
  2 hound skeletons
  2 adders
  2 giant geckos
  3 orcs
  A ball python
  A giant cockroach
  12 hobgoblins
  6 jackals
  A bat
  3 giant newts
  6 goblins
  11 kobolds
  A quokka skeleton
  A rat
63 creatures vanquished.
